[ PARTIDA AOE2 · #495528253 ]
UnrankedMuiscas vs Aztecs
Equipo del jugador · VICT
Equipo rival · DERR
[ ANÁLISIS DE REPETICIÓN · EXTRAÍDO DE LA PARTIDA GRABADA ]
Feudal
9:16
Castillos
12:46
Imperial
—
| APM promedio | 48.2 |
| APM pico | 67 |
| eAPM promedio | 18.3 |
| Aldeanos / militares | 72 / 21 |
Foco
⚔️ 25.8% · 🌾 74.2%
Monk ×19 · Unknown (2586) ×6 · Battering Ram ×2
Feudal
13:01
Castillos
17:07
Imperial
—
| APM promedio | 40.5 |
| APM pico | 70 |
| eAPM promedio | 16.5 |
| Aldeanos / militares | 59 / 8 |
Foco
⚔️ 13.0% · 🌾 87.0%
Militia ×5 · Archer ×3
Mapa de la partida
Recursos iniciales + cada clic de construcción. Líneas = muros · curvas = relieve. ◆ oro · ⬟ piedra · ● bayas · ✦ reliquia · ◌ hueco del cierre
Tu base· ✓ Cerrada en 12:46 · 17t muro · sin puerta
Base de baoquanghuy1605· Abierta — el rival se encerró
Terreno inicial suavizado · ◌ = hueco del cierre detectado · pasá el cursor para detalles
Inputs por minuto
— XalYWero - - baoquanghuy1605
Build order — XalYWero
Primeras 150 de 166 acciones detectadas
| 0:00 | Crear | Villager (Male) |
| 0:01 | Crear | Villager (Male) |
| 0:01 | Crear | Villager (Male) |
| 0:02 | Construir | House |
| 0:02 | Construir | House |
| 0:05 | Crear | Villager (Male) |
| 0:05 | Crear | Villager (Male) |
| 1:29 | Crear | Villager (Male) |
| 1:30 | Crear | Villager (Male) |
| 1:44 | Construir | Settlement |
| 1:56 | Crear | Villager (Male) |
| 1:56 | Crear | Villager (Male) |
| 2:21 | Crear | Villager (Male) |
| 2:21 | Crear | Villager (Male) |
| 2:48 | Crear | Villager (Male) |
| 2:48 | Crear | Villager (Male) |
| 3:13 | Crear | Villager (Male) |
| 3:13 | Crear | Villager (Male) |
| 3:39 | Crear | Villager (Male) |
| 3:39 | Crear | Villager (Male) |
| 4:21 | Crear | Villager (Male) |
| 4:21 | Crear | Villager (Male) |
| 4:21 | Crear | Villager (Male) |
| 4:57 | Crear | Villager (Male) |
| 4:57 | Crear | Villager (Male) |
| 5:50 | Crear | Villager (Male) |
| 6:02 | Construir | House |
| 6:05 | Construir | House |
| 6:16 | Crear | Villager (Male) |
| 6:34 | Construir | Palisade Wall |
| 6:51 | Investigar | Feudal Age |
| 7:26 | Construir | Palisade Wall |
| 7:33 | Construir | House |
| 8:21 | Construir | Palisade Wall |
| 9:02 | Crear | Villager (Male) |
| 9:02 | Crear | Villager (Male) |
| 9:16 | Edad | Edad Feudal |
| 9:17 | Construir | Market |
| 9:19 | Construir | Blacksmith |
| 10:04 | Investigar | Castle Age |
| 10:22 | Construir | Settlement |
| 11:02 | Investigar | Double-Bit Axe |
| 12:16 | Crear | Villager (Male) |
| 12:18 | Crear | Villager (Male) |
| 12:23 | Construir | Farm |
| 12:24 | Construir | Farm |
| 12:25 | Construir | Farm |
| 12:34 | Construir | Farm |
| 12:46 | Edad | Edad de los Castillos |
| 12:47 | Construir | Monastery |
| 12:50 | Construir | Monastery |
| 13:29 | Construir | Farm |
| 13:32 | Construir | Farm |
| 13:34 | Crear | Monk |
| 13:35 | Crear | Monk |
| 13:42 | Crear | Villager (Male) |
| 13:49 | Construir | Farm |
| 14:02 | Crear | Monk |
| 14:09 | Crear | Monk |
| 14:09 | Crear | Villager (Male) |
| 14:35 | Crear | Villager (Male) |
| 14:46 | Crear | Villager (Male) |
| 14:56 | Construir | Settlement |
| 15:14 | Crear | Villager (Male) |
| 15:18 | Investigar | Sanctity |
| 15:41 | Crear | Villager (Male) |
| 15:46 | Crear | Monk |
| 15:46 | Crear | Monk |
| 16:09 | Crear | Villager (Male) |
| 16:15 | Crear | Villager (Male) |
| 16:24 | Crear | Monk |
| 16:24 | Crear | Monk |
| 16:24 | Crear | Monk |
| 16:36 | Construir | Siege Workshop |
| 16:38 | Crear | Villager (Male) |
| 16:42 | Construir | House |
| 16:55 | Investigar | Loom |
| 16:56 | Crear | Villager (Male) |
| 17:01 | Investigar | Fervor |
| 17:02 | Investigar | Fervor |
| 17:32 | Crear | Monk |
| 17:32 | Crear | Monk |
| 17:32 | Crear | Villager (Male) |
| 17:53 | Crear | Villager (Male) |
| 17:53 | Crear | Villager (Male) |
| 18:00 | Construir | Town Center |
| 18:10 | Crear | Villager (Male) |
| 18:27 | Crear | Villager (Male) |
| 19:00 | Crear | Villager (Male) |
| 19:07 | Construir | Monastery |
| 19:12 | Crear | Villager (Male) |
| 19:38 | Crear | Villager (Male) |
| 19:48 | Crear | Villager (Male) |
| 19:55 | Crear | Villager (Male) |
| 20:02 | Construir | Farm |
| 20:02 | Construir | Farm |
| 20:02 | Construir | Farm |
| 20:03 | Construir | Farm |
| 20:03 | Construir | Farm |
| 20:08 | Investigar | Horse Collar |
| 20:08 | Investigar | Horse Collar |
| 20:10 | Crear | Villager (Male) |
| 20:18 | Investigar | Redemption |
| 20:18 | Investigar | Redemption |
| 20:35 | Crear | Villager (Male) |
| 20:41 | Construir | Farm |
| 20:43 | Construir | Farm |
| 20:47 | Crear | Battering Ram |
| 20:56 | Construir | House |
| 20:58 | Construir | House |
| 20:59 | Construir | House |
| 21:01 | Crear | Villager (Male) |
| 21:20 | Crear | Villager (Male) |
| 21:29 | Crear | Unit 2586 |
| 21:29 | Crear | Unit 2586 |
| 21:32 | Construir | House |
| 21:44 | Crear | Villager (Male) |
| 21:57 | Crear | Unit 2586 |
| 22:00 | Crear | Villager (Male) |
| 22:13 | Crear | Unit 2586 |
| 22:20 | Crear | Villager (Male) |
| 22:23 | Construir | House |
| 22:23 | Construir | House |
| 22:28 | Crear | Villager (Male) |
| 22:44 | Crear | Villager (Male) |
| 23:00 | Crear | Villager (Male) |
| 23:05 | Crear | Monk |
| 23:22 | Crear | Villager (Male) |
| 23:26 | Construir | House |
| 23:30 | Crear | Villager (Male) |
| 23:38 | Crear | Villager (Male) |
| 23:40 | Crear | Villager (Male) |
| 23:56 | Construir | House |
| 23:57 | Crear | Villager (Male) |
| 24:03 | Crear | Unit 2586 |
| 24:03 | Crear | Unit 2586 |
| 24:07 | Construir | Farm |
| 24:07 | Construir | Farm |
| 24:07 | Construir | Farm |
| 24:07 | Construir | Farm |
| 24:08 | Construir | Farm |
| 24:08 | Construir | Farm |
| 24:11 | Construir | Farm |
| 24:12 | Construir | Farm |
| 24:22 | Crear | Monk |
| 24:56 | Crear | Villager (Male) |
| 25:11 | Crear | Villager (Male) |
| 25:13 | Crear | Monk |
| 25:14 | Construir | Monastery |
| 25:16 | Construir | Monastery |
Build order — baoquanghuy1605
Primeras 150 de 161 acciones detectadas
| 0:01 | Crear | Villager (Male) |
| 0:01 | Crear | Villager (Male) |
| 0:02 | Crear | Villager (Male) |
| 0:03 | Construir | House |
| 0:05 | Construir | House |
| 0:25 | Crear | Villager (Male) |
| 1:29 | Crear | Villager (Male) |
| 1:53 | Crear | Villager (Male) |
| 2:08 | Construir | Lumber Camp |
| 2:28 | Crear | Villager (Male) |
| 2:59 | Crear | Villager (Male) |
| 3:09 | Crear | Villager (Male) |
| 3:29 | Construir | House |
| 3:45 | Crear | Villager (Male) |
| 4:05 | Crear | Villager (Male) |
| 4:10 | Crear | Villager (Male) |
| 4:46 | Crear | Villager (Male) |
| 4:53 | Construir | Barracks |
| 5:19 | Crear | Villager (Male) |
| 5:29 | Construir | House |
| 5:30 | Construir | Palisade Wall |
| 5:37 | Crear | Militia |
| 5:42 | Crear | Villager (Male) |
| 5:58 | Crear | Militia |
| 6:09 | Construir | House |
| 6:22 | Crear | Villager (Male) |
| 6:23 | Crear | Militia |
| 6:32 | Construir | Mill |
| 6:41 | Construir | Palisade Wall |
| 6:43 | Construir | Palisade Wall |
| 6:43 | Construir | Palisade Wall |
| 6:47 | Construir | Palisade Gate |
| 6:50 | Crear | Villager (Male) |
| 6:56 | Crear | Militia |
| 7:02 | Crear | Militia |
| 7:15 | Construir | House |
| 7:19 | Crear | Villager (Male) |
| 7:39 | Crear | Villager (Male) |
| 8:01 | Crear | Villager (Male) |
| 8:13 | Construir | Farm |
| 8:15 | Construir | Farm |
| 8:25 | Crear | Villager (Male) |
| 8:44 | Crear | Villager (Male) |
| 9:14 | Crear | Villager (Male) |
| 9:35 | Crear | Villager (Male) |
| 9:51 | Investigar | Loom |
| 10:51 | Investigar | Feudal Age |
| 10:51 | Investigar | Feudal Age |
| 11:16 | Construir | Mining Camp |
| 13:01 | Edad | Edad Feudal |
| 13:03 | Crear | Villager (Male) |
| 13:15 | Construir | Blacksmith |
| 13:17 | Construir | Market |
| 13:29 | Crear | Villager (Male) |
| 13:49 | Construir | Farm |
| 13:51 | Construir | Farm |
| 13:54 | Construir | Farm |
| 13:55 | Construir | Farm |
| 14:12 | Construir | Farm |
| 14:17 | Construir | Farm |
| 14:27 | Investigar | Castle Age |
| 14:28 | Investigar | Castle Age |
| 15:07 | Investigar | Double-Bit Axe |
| 15:07 | Investigar | Double-Bit Axe |
| 15:19 | Construir | House |
| 15:21 | Construir | House |
| 15:36 | Investigar | Man-at-Arms (upgrade) |
| 17:00 | Investigar | Horse Collar |
| 17:00 | Investigar | Horse Collar |
| 17:02 | Investigar | Town Watch |
| 17:07 | Edad | Edad de los Castillos |
| 17:09 | Crear | Villager (Male) |
| 17:12 | Construir | Town Center |
| 17:38 | Construir | Town Center |
| 17:45 | Investigar | Bow Saw |
| 17:45 | Investigar | Bow Saw |
| 17:46 | Crear | Villager (Male) |
| 18:18 | Crear | Villager (Male) |
| 18:25 | Crear | Villager (Male) |
| 18:49 | Crear | Villager (Male) |
| 18:55 | Crear | Villager (Male) |
| 18:56 | Construir | Farm |
| 19:05 | Crear | Villager (Male) |
| 19:11 | Crear | Villager (Male) |
| 19:17 | Construir | Town Center |
| 19:37 | Crear | Villager (Male) |
| 19:38 | Crear | Villager (Male) |
| 19:44 | Crear | Villager (Male) |
| 19:49 | Crear | Villager (Male) |
| 19:51 | Crear | Villager (Male) |
| 19:53 | Construir | Farm |
| 19:54 | Construir | Farm |
| 20:05 | Construir | Farm |
| 20:06 | Construir | Farm |
| 20:12 | Investigar | Wheelbarrow |
| 20:28 | Crear | Villager (Male) |
| 20:37 | Construir | Archery Range |
| 20:40 | Construir | Archery Range |
| 20:43 | Crear | Villager (Male) |
| 20:45 | Crear | Villager (Male) |
| 20:51 | Crear | Villager (Male) |
| 21:03 | Crear | Villager (Male) |
| 21:20 | Construir | Archery Range |
| 21:26 | Investigar | Fletching |
| 21:26 | Investigar | Fletching |
| 21:33 | Crear | Villager (Male) |
| 21:34 | Crear | Villager (Male) |
| 21:38 | Construir | Archery Range |
| 21:58 | Crear | Villager (Male) |
| 22:03 | Crear | Archer |
| 22:18 | Construir | Archery Range |
| 22:20 | Crear | Villager (Male) |
| 22:20 | Crear | Villager (Male) |
| 22:25 | Crear | Villager (Male) |
| 22:33 | Construir | Watch Tower |
| 22:38 | Investigar | Crossbowman (upgrade) |
| 22:38 | Investigar | Crossbowman (upgrade) |
| 22:41 | Crear | Villager (Male) |
| 22:48 | Construir | Lumber Camp |
| 22:50 | Construir | Farm |
| 22:51 | Construir | Farm |
| 22:53 | Crear | Villager (Male) |
| 22:53 | Crear | Villager (Male) |
| 23:08 | Crear | Archer |
| 23:09 | Crear | Archer |
| 23:33 | Construir | House |
| 23:35 | Construir | House |
| 23:35 | Construir | House |
| 23:35 | Construir | House |
| 24:03 | Construir | House |
| 24:04 | Construir | House |
| 24:06 | Construir | House |
| 24:07 | Construir | House |
| 24:13 | Construir | House |
| 24:14 | Construir | House |
| 24:16 | Construir | House |
| 24:19 | Construir | House |
| 24:21 | Construir | House |
| 24:22 | Construir | House |
| 24:27 | Construir | House |
| 24:35 | Crear | Villager (Male) |
| 24:41 | Construir | Blacksmith |
| 24:41 | Construir | Blacksmith |
| 25:10 | Construir | Farm |
| 25:11 | Construir | Farm |
| 25:12 | Crear | Villager (Male) |
| 25:12 | Crear | Villager (Male) |
| 25:12 | Crear | Villager (Male) |
| 25:35 | Construir | House |
| 25:38 | Construir | Farm |
Cronología de la partida
| 4:53 | baoquanghuy1605 · first_building Barracks |
| 5:30 | baoquanghuy1605 · wall_segment Palisade Wall x1 |
| 6:34 | XalYWero · wall_segment Palisade Wall x8 |
| 6:41 | baoquanghuy1605 · wall_segment Palisade Wall x1 |
| 6:43 | baoquanghuy1605 · wall_segment Palisade Wall x3 |
| 6:43 | baoquanghuy1605 · wall_segment Palisade Wall x1 |
| 7:26 | XalYWero · wall_segment Palisade Wall x4 |
| 8:21 | XalYWero · wall_segment Palisade Wall x5 |
| 9:16 | XalYWero · age_up feudal |
| 10:42 | XalYWero · first_market_sell 100 stone |
| 12:46 | XalYWero · age_up castle |
| 12:47 | XalYWero · first_building Monastery |
| 13:01 | baoquanghuy1605 · age_up feudal |
| 14:03 | baoquanghuy1605 · first_market_sell 100 stone |
| 16:36 | XalYWero · first_building Siege Workshop |
| 17:07 | baoquanghuy1605 · age_up castle |
| 17:19 | baoquanghuy1605 · first_market_buy 100 stone |
| 17:56 | XalYWero · first_market_buy 100 stone |
| 20:37 | baoquanghuy1605 · first_building Archery Range |
| 26:32 | baoquanghuy1605 · resign |
[ ANÁLISIS IA · 1 CRÉDITO ]
¿Qué pasó realmente en esta partida?
Wolo.gg analiza cada decisión: build order, eco, micro, errores típicos por bracket. Análisis personalizado por WhatsApp o Discord en 30 segundos.
Guía civ
Muiscas
Perfil
XalYWero